 Dungeon Crawl Stone Soup version 0.27-a0-1334-g2746e35aca (webtiles) character file.

Game seed: 2045864573025484286

0 Gargoyl the Skirmisher (level 1, -1/23 HPs)
             Began as a Gnoll Abyssal Knight on June 26, 2021.
             Was a Follower of Lugonu.
             Slain by an orc sorcerer (6 damage)
             ... on level 1 of the Abyss.
             The game lasted 00:00:15 (139 turns).

Gargoyl the Skirmisher (Gnoll Abyssal Knight)        Turns: 139, Time: 00:00:15

Health: -1/23      AC:  3    Str: 11    XL:     1   Next: 0%
Magic:  3/3        EV: 11    Int: 11    God:    Lugonu [*.....]
Gold:   7          SH:  0    Dex: 11    Spells: 0/0 levels left

rFire    . . .     SeeInvis .   a - +1 hand axe
rCold    . . .     Faith    .   (no shield)
rNeg     . . .     Spirit   .   b - +0 leather armour
rPois    .         Reflect  .   (no helmet)
rElec    .         Harm     .   (no cloak)
rCorr    .         Rampage  .   (no gloves)
Will     .....                  (no boots)
Stlth    +.........             (no amulet)
HPRegen  0.07/turn              (no ring)
MPRegen  0.08/turn              (no ring)

@: no status effects
A: fangs 1, strong nose, distributed training
a: Renounce Religion, Depart the Abyss


You were on level 1 of the Abyss.
You worshipped Lugonu.
Lugonu was aware of your devotion.
You visited 0 branches of the dungeon, and saw 0 of its levels.
You visited the Abyss 1 time.

You collected 7 gold pieces.

Inventory:

Hand Weapons
 a - a +1 hand axe (weapon)
Armour
 b - a +0 leather armour (worn)


   Skills:
 + Level 6.4 Fighting
 + Level 0.0 Short Blades
 + Level 0.0 Long Blades
 + Level 4.4 Axes
 + Level 0.0 Maces & Flails
 + Level 0.0 Polearms
 + Level 0.0 Staves
 + Level 0.0 Slings
 + Level 0.0 Bows
 + Level 0.0 Crossbows
 + Level 0.0 Throwing
 + Level 4.4 Armour
 + Level 2.3 Dodging
 + Level 0.0 Stealth
 + Level 0.0 Shields
 + Level 0.0 Unarmed Combat
 + Level 0.0 Spellcasting
 + Level 0.0 Conjurations
 + Level 0.0 Hexes
 + Level 0.0 Summonings
 + Level 0.0 Necromancy
 + Level 0.0 Translocations
 + Level 0.0 Transmutations
 + Level 0.0 Fire Magic
 + Level 0.0 Ice Magic
 + Level 0.0 Air Magic
 + Level 0.0 Earth Magic
 + Level 0.0 Poison Magic
 + Level 4.4 Invocations
 + Level 0.0 Evocations


You couldn't memorise any spells.
You didn't know any spells.
Your spell library was empty.

Dungeon Overview and Level Annotations

Branches:
Dungeon (0/15)

Altars:


Innate Abilities, Weirdness & Mutations

You have very sharp teeth.
Your uncanny sense of smell can sniff out nearby items.
Your experience applies equally to all skills.


Message History

Welcome, Gargoyl the Gnoll Abyssal Knight.
Will you prevail where others failed? Will you find the Orb of Zot?
Lugonu says: Depart the Abyss and spread corruption, my servant! (use the ability menu to exit the Abyss) Press ? for a list of commands and other information.
Found a corrupted altar of Lugonu.
No target in view!
Found a mace.
Unknown command.
c - a scroll labelled ANTUIH GAOMP You now have 7 gold pieces.
An apocalypse crab comes into view.
The apocalypse crab moves out of view.
c - 2 scrolls labelled ANTUIH GAOMP (gained 1)
Found a leather armour.
d - a scroll labelled XECKUSKEEJ
As you read the scroll labelled ANTUIH GAOMP, it crumbles to dust.
You hear a loud clanging noise!
It was a scroll of noise.
You hear a roar!
You hear a hideous shriek!
You hear a roar!
As you read the scroll labelled XECKUSKEEJ, it crumbles to dust.
The scroll dissolves into smoke.
It was a scroll of fog.
A lurking horror bursts from nowhere.
You drop a scroll of noise.
Your body is wracked with pain!
Unknown command.
An orc sorcerer comes into view. It is wielding a +0 dagger.
The orc sorcerer shouts, "You are history!"
The orc sorcerer hits you with a +0 dagger!
* * * LOW HITPOINT WARNING * * *
You hit the orc sorcerer but do no damage.
The orc sorcerer hits you but does no damage.
Unknown command.
You hit the orc sorcerer but do no damage.
The orc sorcerer barely misses you.
Unknown command.
You barely miss the orc sorcerer. Your bite misses the orc sorcerer.
The orc sorcerer hits you with a +0 dagger.
You die...

.# ## . #.
#... #...#
#.#. ##
#..##[####
##§.#....#
#.##.#@§#...#
#.§#§§o§..# #
#.§§#§#§.## .
#.#§#§§#..§
##.
#.##§§#.§§..
. ##
#§§§§§###.. §
##.#..#.
##.#.....# .
#. ... ..#.


You could see an orc sorcerer.

Vanquished Creatures (others)
  A lurking horror (Abyss:1)
1 creature vanquished.

Notes
Turn   | Place    | Note
-------+----------+-------------------------------------------
     0 | Abyss:1  | Gargoyl the Gnoll Abyssal Knight began the quest for the
                  | Orb.
     0 | Abyss:1  | Reached XP level 1. HP: 23/23 MP: 3/3
   111 | Abyss:1  | Noticed an apocalypse crab
   135 | Abyss:1  | Noticed an orc sorcerer
   139 | Abyss:1  | Slain by an orc sorcerer

Illustrated notes

Levels and vault maps discovered:
Abyss:1:  base: Temple, base:
Temple

Action                   || total
-------------------------++-------
Melee: Hand axe          ||     3
  Use: Scroll            ||     2
Armor: Leather armour    ||     1
Dodge: Dodged            ||     1

Table legend: (Time is in decaauts)
 A = Elapsed time spent in this place.
 B = Non-inter-level travel time spent in this place.
 C = Inter-level travel time spent in this place.
 D = Time resting spent in this place.
 E = Time spent auto-exploring this place.
 F = Levels seen in this place.
 G = Mean time per level.
                   A        B        C        D        E       F      G
               +--------+--------+--------+--------+--------+-----+--------+
         Total |    139 |    139 |      0 |      0 |    128 |   1 |  139.0 |
         Abyss |    139 |    139 |      0 |      0 |    128 |   1 |  139.0 |
               +--------+--------+--------+--------+--------+-----+--------+

Top non-repeatable levels by time:
 Abyss:1: 139 daAuts
